 Dungeon Crawl Stone Soup version 0.31.0-32-g396128a36d (webtiles) character file.

Game seed: 16424719476041553285

480 RKaid the Ruffian (level 7, -2/46 HPs)
             Began as an Octopode Shapeshifter on Mar 20, 2024.
             Slain by an ice beast (11 damage)
             ... on level 5 of the Dungeon.
             The game lasted 00:09:01 (4023 turns).

RKaid the Ruffian (Octopode Shapeshifter)           Turns: 4023, Time: 00:09:02

Health: -2/46      AC:  1    Str: 16    XL:     7   Next: 12%
Magic:  7/7        EV: 17    Int: 12    God:
Gold:   170        SH:  7    Dex: 11    Spells: 6/6 levels left

rFire   . .          .
                       - Unarmed
rCold   . . .        q - +0 kite shield
rNeg    . . .        (helmet currently unavailable)
rPois   .            (no amulet)
rElec   .            r - ring of see invisible {sInv}
rCorr   .            i - +5 ring of evasion
SInv    +            (no ring)
Will    .....        (no ring)
Stlth   ++           (no ring)
HPRegen 0.27/turn    (no ring)
MPRegen 0.10/turn    (no ring)
                     (no ring)

%: no passive effects
@: beast-form
A: beast (slay +2), almost no armour, amphibious, 8 rings, camouflage 1,
gelatinous body 1, (nimble swimmer 1), tentacles
a: Begin Untransformation


You were on level 5 of the Dungeon.
You were a hulking beast.
You visited 1 branch of the dungeon, and saw 6 of its levels.

You collected 266 gold pieces.
You spent 96 gold pieces at shops.

Inventory:

Hand Weapons
 s - the +4 broad axe "Obocagh" {speed, *Rage rN+ Stlth+}
   (You found it on level 3 of the Dungeon)

   rN+:       It protects you from negative energy.
   *Rage:     It berserks you when you make melee attacks (+20% chance).
   Stlth+:    It makes you more stealthy.
Missiles
 p - a throwing net {=f}
Armour
 g - a +1 hat
   (You found it on level 1 of the Dungeon)
 q - a +0 kite shield (worn)
   (You found it on level 3 of the Dungeon)
Jewellery
 i - a +5 ring of evasion (right tentacle)
   (You found it on level 5 of the Dungeon)
 r - a ring of see invisible (left tentacle) {sInv}
   (You found it on level 3 of the Dungeon)
Talismans
 b - a beast talisman
 j - a flux talisman
Wands
 m - a wand of flame (15)
   (You took it off a kobold on level 2 of the Dungeon)
 v - a wand of paralysis (2)
   (You found it on level 5 of the Dungeon)
 D - a wand of digging (2)
   (You found it on level 4 of the Dungeon)
Scrolls
 d - a scroll of fear {unknown}
 e - a scroll of vulnerability {!r!r}
 f - 4 scrolls of revelation
 h - a scroll of amnesia {unknown}
 k - 3 scrolls of poison {!r}
 l - a scroll of blinking {!r}
 n - a scroll of silence {unknown}
 t - a scroll of fog
 u - a scroll of butterflies
Potions
 a - 2 potions of lignification {!q}
 c - 5 potions of curing
 o - a potion of mutation {!q!q}


   Skills:
 + Level 3.6 Fighting
 - Level 3.2 Dodging
 + Level 2.1 Shields
 + Level 4.6 Unarmed Combat
 + Level 4.4 Shapeshifting


You had 6 spell levels left.
You didn't know any spells.
Your spell library contained the following spells:

 Spells                   Type           Power      Damage    Failure   Level
 Kiss of Death            Conj/Necr      0%         2d5       71%         1
 Cigotuvi's Dreadful Rot  Necr/Alch/Air  0%         N/A       83%         2
 Confusing Touch          Hex            0%         N/A       97%         3
 Dispel Undead            Necr           0%         3d6       100%        4
 Ignite Poison            Fire/Alch      0%         N/A       100%        4
 Freezing Cloud           Conj/Ice/Air   0%         6-21      100%        5


Dungeon Overview and Level Annotations

Branches:
Dungeon (6/15)
 Temple: D:4-7

Altars:
Kikubaaqudgha
Vehumet

Shops:
D:4 :(?[

Annotations:
D:2 Sigmund
D:4 exclusion: 2 ogres
D:5 exclusion: phantom


Innate Abilities, Weirdness & Mutations

You are a hulking beast.
Your limbs bulge with bestial killing power. (Slay +2)
You cannot wear most types of armour.
You are amphibious.
You can wear up to eight rings at the same time.
Your skin changes colour to match your surroundings (Stealth+).
Your rubbery body absorbs attacks. (AC +1, EV +1)
((You are camouflaged when in or above water. (Stealth+)))
You have tentacles for arms and can constrict up to eight enemies at once.


Message History

There is a stone staircase leading down here.
You barely miss Edmund. You grab Edmund. You squeeze Edmund!
You constrict Edmund, but do no damage. The hound completely misses you.
Edmund hits you with a +2 dire flail of holy wrath!
You tentacle-slap Edmund but do no damage.
You squeeze Edmund! You constrict Edmund, but do no damage.
You block the hound's attack. The hound closely misses you.
Edmund hits you with a +2 dire flail of holy wrath.
You tentacle-slap the hound but do no damage.
Your grab misses the hound. You constrict Edmund. The hound misses you.
You block Edmund's attack. The hound bites you but does no damage.
You tentacle-slap Edmund. You constrict Edmund. You block the hound's attack.
You block Edmund's attack.
You tentacle-slap the hound but do no damage.
You grab the hound.
You squeeze the hound, but do no damage.
You constrict Edmund.
You constrict the hound, but do no damage.
The hound misses you. Edmund closely misses you. The hound bites you.
You tentacle-slap Edmund. You constrict Edmund.
You kill Edmund!
You constrict the hound. You block the hound's attack. The hound misses you.
Your Shields skill increases to level 2!
You have reached level 7!
You tentacle-slap the hound. You constrict the hound.
The hound barely misses you.
You bludgeon the hound! You squeeze the hound.
You kill the hound!
Things that are here:
a +2 dire flail of holy wrath; a +0 ring mail; the human corpse of Edmund You start resting.
Things that are here:
a +2 dire flail of holy wrath; a +0 ring mail; the human corpse of Edmund
There is a stone staircase leading down here.
You climb downwards.
The ufetubus completely misses you. The ufetubus closely misses you.
The ufetubus slips past you! You block the ufetubus's attack. x2
There is a stone staircase leading up here.
You tentacle-slap the ufetubus. You grab the ufetubus.
You constrict the ufetubus. You block the ufetubus's attack. x2
The orc misses you. The ufetubus closely misses you. x2
You tentacle-slap the ufetubus.
You kill the ufetubus!
The orc barely misses you.
You bludgeon the orc!
You kill the orc!
No target in view!
No target in view!
Things that are here:
a +1 hand axe of electrocution; a +0 leather armour An ufetubus comes into view.
An ice beast comes into view.
There is a stone staircase leading up here.
An orc wizard comes into view. It is wielding a +0 dagger.
The orc wizard shouts!
The ufetubus shouts!
An orc comes into view. It is wielding a +0 falchion.
The ufetubus closely misses you. You block the ufetubus's attack.
You closely miss the ufetubus. Your grab misses the ufetubus.
The ufetubus misses you. You block the ufetubus's attack.
The ufetubus hits you. You block the ufetubus's attack.
You closely miss the ice beast. The ice beast hits you.
The ice beast freezes you. The ufetubus slips past you!
The ufetubus closely misses you. The ufetubus misses you.
You tentacle-slap the ufetubus. You grab the ufetubus.
You squeeze the ufetubus, but do no damage.
You constrict the ufetubus. The ufetubus closely misses you.
The ufetubus hits you. You block the ice beast's attack.
The ufetubus misses you. The ufetubus barely misses you.
The ice beast closely misses you.
You release your grip on the ufetubus.
You block the ufetubus's attack. The ufetubus misses you.
The ufetubus completely misses you. The ufetubus misses you.
The ufetubus hits you. The ufetubus misses you.
There is a stone staircase leading up here.
You block the ufetubus's attack. The ufetubus hits you.
The ice beast completely misses you.
You climb upwards.
Level annotation: exclusion: phantom
There is a stone staircase leading down here.
You barely miss the ice beast. You tentacle-slap the ice beast.
Your squeeze misses the ice beast. The ufetubus closely misses you. x2
The ufetubus misses you. The ufetubus hits you.
You block the ice beast's attack.
You tentacle-slap the ice beast. You squeeze the ice beast.
The ufetubus hits you. The ufetubus completely misses you.
The ice beast hits you. The ice beast freezes you.
The ufetubus barely misses you. x2
You tentacle-slap the ice beast but do no damage.
You squeeze the ice beast! The ufetubus misses you.
The ufetubus barely misses you. You block the ice beast's attack.
You tentacle-slap the ice beast. The ufetubus barely misses you.
The ufetubus hits you. The ice beast closely misses you.
The ufetubus barely misses you. The ufetubus hits you.
* * * LOW HITPOINT WARNING * * *
You tentacle-slap the ice beast. You squeeze the ice beast.
You block the ufetubus's attack. The ufetubus misses you.
The ice beast hits you.
* * * LOW HITPOINT WARNING * * *
The ice beast freezes you!
You die...

#..####.............#.##......
#.## ##########.####.##.#.##.
####.# ##.## #.##.#.##. .....#
####...###.........
#.##.##########.........#####..##
#.##.......<.....#...##.#####.###
#.#############.###.###.........<
#.# #############.# ###########
#.#####........5hY..#
........############# #########


You could see an ice beast and an ufetubus.

Vanquished Creatures
  Edmund (D:5)
  2 jellies (D:5)
  A hound (D:5)
  Terence (D:3)
  An iguana (D:5)
  An orc wizard (D:5)
  4 gnolls (D:4)
  8 adders
  2 white imps (D:5)
  An ufetubus (D:6)
  10 orcs
  6 ball pythons
  3 bats
  4 endoplasms
  2 giant cockroaches
  6 goblins
  2 hobgoblins (D:3)
  3 quokkas
  5 frilled lizards (D:1)
  3 kobolds
  2 rats
68 creatures vanquished.

Vanquished Creatures (others)
  An iguana (D:5)
1 creature vanquished.

Grand Total: 69 creatures vanquished

Notes
Turn   | Place    | Note
-------+----------+-------------------------------------------
     0 | D:1      | RKaid the Octopode Shapeshifter began the quest for the
                  | Orb.
     0 | D:1      | Reached XP level 1. HP: 13/13 MP: 1/1
   220 | D:1      | Reached XP level 2. HP: 18/18 MP: 2/2
   568 | D:2      | Found an ancient bone altar of Kikubaaqudgha.
   591 | D:2      | Noticed Sigmund
   710 | D:2      | Reached XP level 3. HP: 23/23 MP: 3/3
   823 | D:2      | HP: 6/24 [poisoned by an adder]
  1627 | D:3      | Noticed Terence
  1641 | D:3      | Killed Terence
  1642 | D:3      | Reached skill level 2 in Fighting
  1642 | D:3      | Reached XP level 4. HP: 27/29 MP: 4/4
  1659 | D:3      | Identified the +4 broad axe "Obocagh" {speed, *Rage rN+
                  | Stlth+}
  2188 | D:4      | Noticed an ogre
  2249 | D:4      | Found Zucuun's Armour Shoppe.
  2249 | D:4      | Found Ugass's Magic Scroll Shop.
  2262 | D:4      | Bought a scroll of poison for 48 gold pieces
  2262 | D:4      | Bought a scroll of fog for 48 gold pieces
  2307 | D:4      | Reached XP level 5. HP: 30/35 MP: 5/5
  2391 | D:4      | Reached skill level 3 in Dodging
  2464 | D:4      | Found a radiant altar of Vehumet.
  2572 | D:4      | Found Riorchumm's Weapon Shop.
  2678 | D:4      | Found Puapteabb's Book Emporium.
  2690 | D:4      | Noticed an ogre
  2969 | D:5      | Entered Level 5 of the Dungeon
  2988 | D:5      | HP: 7/35 [white imp/puff of frost (6)]
  2990 | D:5      | Reached skill level 4 in Unarmed Combat
  3129 | D:5      | Noticed a phantom
  3375 | D:5      | Reached skill level 4 in Shapeshifting
  3377 | D:5      | Reached XP level 6. HP: 41/41 MP: 6/6
  3529 | D:5      | Reached skill level 3 in Fighting
  3529 | D:5      | Reached skill level 1 in Shields
  3892 | D:6      | Noticed Edmund
  3901 | D:5      | Killed Edmund
  3902 | D:5      | Reached skill level 2 in Shields
  3902 | D:5      | Reached XP level 7. HP: 19/46 MP: 7/7
  4023 | D:5      | HP: 9/46 [ice beast (4)]
  4023 | D:5      | Slain by an ice beast

Illustrated notes

Levels and vault maps discovered:
D:1:      psy_arrival_fountain, layout_rooms, minmay_lizard_pond
D:2:      layout_rooms, basic_altar, hangedman_decor_riveting, uniq_sigmund
D:3:      layout_loops_cross, uniq_terence
D:4:      layout_basic, nicolae_vehumet_altar_sigil, serial_shops,
          nicolae_shop_competitors_out_of_business, shop, shop_coins,
          nicolae_shop_tiny_real_fake_doors, shop
D:5:      layout_loops_ring, serial_glass, glass_columns_b, glass_columns_a,
          nrook_campfire, minmay_diced_spiral
D:6:      layout_rooms, uniq_edmund, uniq_grinder, uniq_maggie

Skill      XL: |  1  2  3  4  5  6 |
---------------+-------------------+-----
Fighting       | 2 3 |  3.6
Dodging        | 3 |  3.2
Unarmed Combat | 4 |  4.6
Shapeshifting  | 4 |  4.4
Shields        | 2 |  2.1

Action                     |  1- 3 |  4- 6 |  7- 9 || total
---------------------------+-------+-------+-------++-------
  Melee: Unarmed           |    52 |    87 |    13 ||   152
         Constrict         |    16 |    21 |     2 ||    39
         Tentacles         |    12 |    17 |     5 ||    34
         Punch             |     2 |     3 |     1 ||     6
  Evoke: Wand              |       |     2 |       ||     2
    Use: Scroll            |     1 |     6 |       ||     7
   Stab: Sleeping          |     2 |     5 |       ||     7
 Armour: Skin              |    18 |    29 |    11 ||    58
  Dodge: Dodged            |    20 |    37 |    32 ||    89
  Block: Kite shield       |     5 |    30 |    13 ||    48

Table legend: (Time is in decaauts)
 A = Elapsed time spent in this place.
 B = Non-inter-level travel time spent in this place.
 C = Inter-level travel time spent in this place.
 D = Time resting spent in this place.
 E = Time spent auto-exploring this place.
 F = Levels seen in this place.
 G = Mean time per level.
                   A        B        C        D        E       F      G
               +--------+--------+--------+--------+--------+-----+--------+
         Total |   4033 |   3825 |    208 |    591 |   2539 |   6 |  672.2 |
       Dungeon |   4033 |   3825 |    208 |    591 |   2539 |   6 |  672.2 |
               +--------+--------+--------+--------+--------+-----+--------+

Top non-repeatable levels by time:
     D:5: 1041 daAuts
     D:4: 942 daAuts
     D:2: 846 daAuts
     D:3: 708 daAuts
     D:1: 474 daAuts
     D:6: 19 daAuts

Table legend:
 A = Kills in this place as a percentage of kills in the entire game.
 B = Kills by you in this place as a percentage of kills by you in the entire game.
 C = Kills by friends in this place as a percentage of kills by friends in the entire game.
 D = Other kills in this place as a percentage of other kills in the entire game.
 E = Experience gained in this place as a percentage of experience gained in the entire game.
 F = Experience gained in this place divided by the number of levels of this place that you have seen.
                   A       B       C       D       E      F
               +-------+-------+-------+-------+-------+----------------------
         Total | 100.0 | 100.0 |   N/A |   N/A | 100.0 | 114.5
       Dungeon | 100.0 | 100.0 |   N/A |   N/A | 100.0 | 114.5
               +-------+-------+-------+-------+-------+----------------------
